 Seeded DCSS version 0.30.1-11-g7821555f0a (webtiles) character file.

Game seed: 430007637681659361 (custom seed)

32 strifetoe the Cutter (level 3, -2/30 HPs)
             Began as a Djinni Fighter on Nov 9, 2023.
             Slain by Terence
             ... wielding a +0 hand axe of electrocution
              (17 damage)
             ... on level 2 of the Dungeon.
             The game lasted 00:00:39 (766 turns).

strifetoe the Cutter (Djinni Fighter)                Turns: 766, Time: 00:01:09

Health: -2/30      AC:  6    Str: 15    XL:     3   Next: 45%
Gold:   50         EV:  8    Int: 11    God:
                   SH:  4    Dex: 12

rFire   + + .        a - +0 rapier
rCold   x . .        c - +0 buckler
rNeg    . . .        b - +0 scale mail
rPois   ∞            (no helmet)
rElec   .            (no cloak)
rCorr   .            (no gloves)
SInv    .            (boots unavailable)
Will    .....        (no amulet) Stlth
                     (no ring)
HPRegen 0.25/turn    (no ring)
MPRegen 0.00/turn

%: infuse magic (-3 HP)
@: flying
A: sickness immunity, fire resistance 2, cold vulnerability 1, float, innate
caster, HP casting, extra vitality 1
a: no special abilities


You were on level 2 of the Dungeon.
You visited 1 branch of the dungeon, and saw 2 of its levels.

You collected 50 gold pieces.

Inventory:

Hand Weapons
 a - a +0 rapier (weapon)
 h - a +3 war axe
Armour
 b - a +0 scale mail (worn)
 c - a +0 buckler (worn)
Scrolls
 e - a scroll of fear {unknown}
 f - 2 scrolls of noise {unknown}
 g - a scroll of brand weapon {unknown}
 i - a scroll of vulnerability {unknown}
 l - a scroll of identify {unknown}
Potions
 d - a potion of might
 j - a potion of ambrosia {unknown}
 k - a potion of curing {unknown}
 m - a potion of cancellation {unknown}


   Skills:
 - Level 3.0 Fighting
 + Level 3.3 Short Blades
 - Level 3.0 Armour
 - Level 3.0 Shields


You knew the following spells:

 Your Spells              Type           Power      Damage    Failure   Level
a - Summon Small Mammal   Summ           0%         N/A       87%         1
Your spell library was empty.

Dungeon Overview and Level Annotations

Branches:
Dungeon (2/15)

Altars:

Annotations:
D:2 Terence


Innate Abilities, Weirdness & Mutations

You are immune to sickness and miasma.
You are immune to poison.
Your flesh is very heat resistant. (rF++)
You are vulnerable to cold. (rC-)
You float through the air rather than walking.
You learn spells naturally, not from books.
Your magical power is your life essence.
You have superior vitality. (+4 MHP)


Message History

The ball python constricts you. You block the adder's attack.
Terence hits you with a +0 hand axe of electrocution.
The ball python barely misses you. The ball python constricts you.
You closely miss the ball python. The adder bites you but does no damage.
The ball python barely misses you. The ball python constricts you.
Terence hits you with a +0 hand axe of electrocution.
The adder barely misses you.
You hit the ball python.
The ball python is moderately wounded.
The ball python bites you. The ball python constricts you.
The rat bites you but does no damage. You block Terence's attack.
The adder bites you but does no damage.
You completely miss the ball python.
The ball python is moderately wounded.
The ball python bites you but does no damage.
The ball python constricts you. The adder bites you but does no damage.
Terence hits you with a +0 hand axe of electrocution.
The rat bites you but does no damage.
You puncture the ball python!
You kill the ball python!
The adder barely misses you.
Terence says, "Time to say good-bye..."
Terence hits you with a +0 hand axe of electrocution.
The rat barely misses you. You block the adder's attack.
You hit the adder.
The adder is almost dead.
Terence zaps a wand.
The puff of flame misses you.
The rat twitches its whiskers.
You block the rat's attack. The adder barely misses you.
You closely miss the adder.
The adder is almost dead.
The adder bites you but does no damage. You block the rat's attack.
Terence hits you but does no damage.
You barely miss the adder.
The adder is almost dead.
The adder bites you.
Terence hits you with a +0 hand axe of electrocution.
You are electrocuted!
Ouch! That really hurt!
You die...

##............
#.............
#.............
#.............
#...[.........
#(............
#.....Sr......
#....@@......
##......#....
####...# #
#.### #<# #.#
..# #.## #.


You could see Terence, an adder and a rat.

Vanquished Creatures
  A dart slug (D:1)
  An endoplasm (D:1)
  3 giant cockroaches (D:1)
  2 goblins (D:1)
  3 hobgoblins (D:1)
  2 quokkas (D:1)
  6 ball pythons
  6 bats (D:1)
  A frilled lizard (D:1)
  A kobold (D:1)
  4 rats (D:1)
30 creatures vanquished.

Notes
Turn   | Place    | Note
-------+----------+-------------------------------------------
     0 | D:1      | strifetoe the Djinni Fighter began the quest for the Orb.
     0 | D:1      | Reached XP level 1. HP: 20/20 MP: 0/0
    92 | D:1      | Reached XP level 2. HP: 24/25 MP: 0/0
   437 | D:1      | Reached XP level 3. HP: 25/30 MP: 0/0
   437 | D:1      | Learned a level 1 spell: Summon Small Mammal
   752 | D:2      | Noticed Terence
   766 | D:2      | Slain by Terence

Illustrated notes

Levels and vault maps discovered:
D:1:      wander_arrival_chamber, layout_basic, kennysheep_boxes
D:2:      layout_rooms, dilly_ecumenical_altar_fadedgnrine, basic_altar,
          uniq_terence

Skill      XL: |  1  2 |
---------------+-------+-----
Short Blades   | 2 3 |  3.3
Fighting       | |  3.0
Armour         | |  3.0
Shields        | |  3.0

Action                     || total
---------------------------++-------
  Melee: Rapier            ||    91
 Armour: Scale mail        ||    64
  Dodge: Dodged            ||    32
  Block: Buckler           ||    23
